 Dungeon Crawl Stone Soup version 0.29-a0-1023-g6ae1a4a2c7 (webtiles) character file.

Game seed: 5697134063000711435

262 Zonian the Chiller (level 5, -3/35 HPs)
             Began as a Demonspawn Ice Elementalist on Aug 12, 2022.
             Slain by a black bear (6 damage)
             ... on level 4 of the Dungeon.
             The game lasted 00:09:24 (5269 turns).

Zonian the Chiller (Demonspawn Ice Elementalist)    Turns: 5269, Time: 00:09:26

Health: -3/35      AC:  6    Str:  8    XL:     5   Next: 97%
Magic:  7/10       EV: 13    Int: 16    God:
Gold:   155        SH:  0    Dex: 16    Spells: 7/11 levels left

rFire   . . .      SeeInvis .   g - +0 whip (elec)
rCold   . . .      Faith    .   (no shield)
rNeg    . . .      Spirit   .   a - +0 robe
rPois   .          Reflect  .   (no helmet)
rElec   .          Harm     .   t - scarf {repulsion}
rCorr   .          Rampage  .   (no gloves)
Will    .....                   f - +0 pair of boots
Stlth   ++........              (no amulet)
HPRegen 0.11/turn               (no ring)
MPRegen 0.12/turn               (no ring)

@: repel missiles
A: thin metallic scales 2, powered by death 1, powered by pain 1
a: no special abilities


You were on level 4 of the Dungeon.
You visited 1 branch of the dungeon, and saw 4 of its levels.

You collected 155 gold pieces.

Inventory:

Hand Weapons
 d - a +0 whip
 g - a +0 whip of electrocution (weapon)
 j - a +0 short sword
 m - a +0 falchion of draining
Missiles
 e - 5 curare-tipped darts
Armour
 a - a +0 robe (worn)
 f - a +0 pair of boots (worn)
 t - a scarf of repulsion (worn)
Scrolls
 c - a scroll of torment {unknown}
 h - 2 scrolls of blinking {unknown}
 i - a scroll of fear {unknown}
 o - a scroll of immolation {unknown}
 q - a scroll of enchant weapon {unknown}
 r - a scroll of noise {unknown}
 v - a scroll of teleportation {unknown}
Potions
 b - a potion of magic
 k - a potion of cancellation
 l - 4 potions of mutation
 n - 2 potions of curing {unknown}
 p - 2 potions of haste {unknown}
 s - a potion of brilliance {unknown}
 u - a potion of heal wounds {unknown}


   Skills:
 - Level 2.8 Dodging
 - Level 3.0 Stealth
 + Level 3.6 Spellcasting
 + Level 4.8 Ice Magic


You had 7 spell levels left.
You knew the following spells:

 Your Spells              Type           Power      Damage    Failure   Level
a - Freeze                Ice            72%        1d9       2%          1
b - Frozen Ramparts       Ice            36%        1d6       8%          3

Your spell library contained the following spells:

 Spells                   Type           Power      Damage    Failure   Level
 Ozocubu's Armour         Ice            18%        N/A       8%          3
 Slow                     Hex            8%         N/A       19%         1
 Confusing Touch          Hex            2%         N/A       47%         3
 Vampiric Draining        Necr           2%         2d6       47%         3
 Hailstorm                Conj/Ice       10%        3d5       54%         4


Dungeon Overview and Level Annotations

Branches:
Dungeon (4/15)
 Temple: D:4-7

Altars:
Nemelex Xobeh
Ru

Annotations:
D:2 1 runed translucent door, Crazy Yiuf
D:4 Robin


Innate Abilities, Weirdness & Mutations

You are mostly covered in thin metallic scales. (AC +3)
You regenerate a little health from kills.
You sometimes gain a little power by taking damage.


Message History

The black bear claws you but does no damage.
The black bear closely misses you.
You hit the black bear.
The black bear is heavily wounded.
The black bear misses you. The black bear claws you.
The black bear claws you but does no damage.
Casting: Freeze (safe; 2% risk of failure)
Confirm with . or Enter, or press ? or * to list all spells.
Aiming: Freeze (safe; 2% risk of failure)
Press: ? - help, Shift-Dir - straight line, f - black bear
Aim: a black bear (heavily wounded)
You freeze the black bear!
The black bear is almost dead.
The black bear bites you. The black bear misses you. x2
Unknown command.
Casting: Freeze (safe; 2% risk of failure)
Confirm with . or Enter, or press ? or * to list all spells.
Aiming: Freeze (safe; 2% risk of failure)
Press: ? - help, Shift-Dir - straight line, f/p - black bear
Aim: a black bear (almost dead)
You freeze the black bear.
The black bear is almost dead.
The black bear goes berserk!
Unknown command.
Casting: Freeze (safe; 2% risk of failure)
Confirm with . or Enter, or press ? or * to list all spells.
Aiming: Freeze (safe; 2% risk of failure)
Press: ? - help, Shift-Dir - straight line, f/p - black bear
Aim: a black bear (almost dead, berserk)
You freeze the black bear.
The black bear is almost dead.
The black bear bites you. The black bear closely misses you.
The black bear claws you.
* * * LOW HITPOINT WARNING * * *
The black bear bites you.
* * * LOW HITPOINT WARNING * * *
The black bear claws you.
* * * LOW HITPOINT WARNING * * *
The black bear claws you.
You die...

#.....#######..###..##.###.####
#.....#.......................#
#.....#.......................#
#.....#.......................#
#.....#.......................#
#.....'.......................#
#.....#####..##.#######'####.##
. ####....#
##+##.###.###.####.###.
#..#....# +..@....#...........
'..#....# #...h...#...........
#..#....+ #......$#...........
#..#....# #.......#....##..##.
...#....# #.......#....###'###
#..#....# ##.###..#######.....
#..#....# ### #+# #.....
#..#....# #..... #+##....#
######


You could see a black bear (berserk).

Vanquished Creatures
  A phantom (D:4)
  An iguana (D:4)
  Terence (D:2)
  6 adders
  A worm (D:2)
  4 dart slugs
  5 orcs (D:3)
  6 ball pythons
  7 endoplasms
  2 giant cockroaches (D:1)
  7 goblins
  8 hobgoblins
  2 jackals (D:4)
  2 quokkas (D:1)
  6 bats
  2 frilled lizards
  4 kobolds
  7 rats
72 creatures vanquished.

Vanquished Creatures (others)
  A bush (D:1)
  2 plants (D:1)
3 creatures vanquished.

Grand Total: 75 creatures vanquished

Notes
Turn   | Place    | Note
-------+----------+-------------------------------------------
     0 | D:1      | Zonian the Demonspawn Ice Elementalist began the quest for
                  | the Orb.
     0 | D:1      | Reached XP level 1. HP: 13/13 MP: 3/3
   497 | D:1      | Gained mutation: You regenerate a little health from kills.
                  | [demonic ancestry]
   497 | D:1      | Reached XP level 2. HP: 11/19 MP: 1/5
  1687 | D:1      | Gained mutation: You are partially covered in thin metallic
                  | scales. (AC +2) [demonic ancestry]
  1687 | D:1      | Reached XP level 3. HP: 23/24 MP: 6/6
  2074 | D:2      | Learned a level 3 spell: Frozen Ramparts
  2104 | D:2      | Noticed Terence
  2113 | D:2      | Killed Terence
  2114 | D:2      | Reached skill level 4 in Ice Magic
  2432 | D:2      | Found a runed translucent door.
  2433 | D:2      | Noticed Crazy Yiuf
  2559 | D:2      | Gained mutation: You are mostly covered in thin metallic
                  | scales. (AC +3) [demonic ancestry]
  2559 | D:2      | Reached XP level 4. HP: 30/30 MP: 7/7
  2609 | D:2      | Found a sacrificial altar of Ru.
  3341 | D:3      | Found a sparkling altar of Nemelex Xobeh.
  3844 | D:3      | Gained mutation: You sometimes gain a little power by
                  | taking damage. [demonic ancestry]
  3844 | D:3      | Reached XP level 5. HP: 35/35 MP: 7/9
  4157 | D:4      | Noticed an ogre
  4263 | D:4      | Noticed a black bear
  4585 | D:4      | Found a sacrificial altar of Ru.
  4590 | D:4      | Noticed a phantom
  4631 | D:4      | Killed a phantom
  4802 | D:4      | Noticed an ogre
  4932 | D:4      | Noticed Robin
  5269 | D:4      | Slain by a black bear

Illustrated notes

Levels and vault maps discovered:
D:1:      amcnicky_arrival_choice, layout_loops_ring, serial_forest,
          infiniplex_forest_end_3, infiniplex_forest_lined_2,
          infiniplex_forest_lined_corner, infiniplex_forest_lined_3,
          infiniplex_forest_straight_4, infiniplex_forest_corner_2,
          infiniplex_forest_lined_room_, infiniplex_forest_lined_corner
D:2:      layout_basic, basic_altar, uniq_crazy_yiuf_cottage, uniq_terence
D:3:      layout_loops_ring, lemuel_coloured_pillars_altar
D:4:      layout_gridville, overflow_temple_1_default, uniq_robin

Skill      XL: |  1  2  3  4  5 |
---------------+----------------+-----
Stealth        | 2 3 |  3.0
Dodging        | 2 |  2.8
Ice Magic      | 4 |  4.8
Spellcasting   | 3 |  3.6

Action                   |  1- 3 |  4- 6 || total
-------------------------+-------+-------++-------
Melee: Whip              |   146 |   120 ||   266
       Unarmed           |     3 |       ||     3
       Punch             |     4 |       ||     4
       Short sword       |    24 |       ||    24
 Cast: Freeze            |    26 |    40 ||    66
  Use: Scroll            |       |     3 ||     3
       Potion            |       |     1 ||     1
 Stab: Sleeping          |     6 |     6 ||    12
Armor: Robe              |    29 |    48 ||    77
       Skin              |       |     9 ||     9
Dodge: Dodged            |    81 |   124 ||   205

Table legend: (Time is in decaauts)
 A = Elapsed time spent in this place.
 B = Non-inter-level travel time spent in this place.
 C = Inter-level travel time spent in this place.
 D = Time resting spent in this place.
 E = Time spent auto-exploring this place.
 F = Levels seen in this place.
 G = Mean time per level.
                   A        B        C        D        E       F      G
               +--------+--------+--------+--------+--------+-----+--------+
         Total |   5296 |   5174 |    122 |    977 |   3044 |   4 | 1324.0 |
       Dungeon |   5296 |   5174 |    122 |    977 |   3044 |   4 | 1324.0 |
               +--------+--------+--------+--------+--------+-----+--------+

Top non-repeatable levels by time:
     D:1: 2081 daAuts
     D:2: 1229 daAuts
     D:4: 1067 daAuts
     D:3: 917 daAuts
